TOP OF THE 1ST |
Pawtucket Paw Sox batting - Pitching for Elmira Pioneers : RHP Rick Behenna
|
Pitching: RHP Rick Behenna
|
|
Batting: LHB Jeff Stone
|
0-0: Swinging Strike 0-1: Called Strike 0-2: Ball 1-2: Foul Ball, location: 2F 1-2: Ball 2-2: Ball 3-2: Strikes out swinging
|
Batting: RHB Shooty Babitt
|
0-0: Ball 1-0: Swinging Strike 1-1: Swinging Strike 1-2: Strikes out looking
|
Batting: SHB Phil Ouellette
|
0-0: Called Strike 0-1: Ball 1-1: Swinging Strike 1-2: Strikes out swinging
|
Top of the 1st over - 0 runs, 0 hits, 0 errors, 0 left on base; Pawtucket 0 - Elmira 0 |
BOTTOM OF THE 1ST |
Elmira Pioneers batting - Pitching for Pawtucket Paw Sox : RHP Billy Taylor
|
Pitching: RHP Billy Taylor
|
|
Batting: RHB Ken Dowell
|
0-0: Ground out 4-3 (Groundball, 4, EV 85.6 MPH)
|
Batting: RHB Mark Wasinger
|
0-0: Called Strike 0-1: Swinging Strike 0-2: Ball 1-2: Foul Ball, location: 2F 1-2: Strikes out swinging
|
Batting: RHB Richard Givens
|
0-0: Called Strike 0-1: Foul Ball, location: 2F 0-2: Strikes out looking
|
Bottom of the 1st over - 0 runs, 0 hits, 0 errors, 0 left on base; Pawtucket 0 - Elmira 0 |
TOP OF THE 2ND |
Pawtucket Paw Sox batting - Pitching for Elmira Pioneers : RHP Rick Behenna
|
Batting: SHB Orestes Destrade
|
0-0: Ball 1-0: Ball 2-0: Called Strike 2-1: SINGLE (Line Drive, 7S, EV 106.9 MPH)
|
Batting: RHB Brick Smith
|
0-0: SINGLE (Flyball, 3D, EV 97.5 MPH) Orestes Destrade to second Runner from 2nd tries for 3rd, SAFE, throw by RF made to third
|
Batting: RHB Dave Malpeso
|
0-0: SINGLE (Groundball, 6MD, EV 96.3 MPH) Orestes Destrade scores Brick Smith to second Runner from 2nd tries for 3rd, OUT! 8-5
|
Batting: RHB Robert Duran
|
0-0: Ball 1-0: Foul Ball, location: 2F 1-1: Swinging Strike 1-2: Strikes out swinging
|
Batting: RHB Gary Hargis
|
0-0: Swinging Strike 0-1: Foul Ball, location: 2F 0-2: Ball 1-2: TRIPLE (Line Drive, 9LD, EV 105.0 MPH) Dave Malpeso scores
|
Batting: RHB Ted Cox
|
0-0: Swinging Strike 0-1: Ball 1-1: DOUBLE (Flyball, 8RXD, EV 108.1 MPH) Gary Hargis scores
|
Batting: LHB Jeff Stone
|
0-0: Ball Wild Pitch! Ted Cox to third 1-0: Ball 2-0: Called Strike 2-1: Swinging Strike 2-2: Strikes out swinging
|
Top of the 2nd over - 3 runs, 5 hits, 0 errors, 1 left on base; Pawtucket 3 - Elmira 0 |
BOTTOM OF THE 2ND |
Elmira Pioneers batting - Pitching for Pawtucket Paw Sox : RHP Billy Taylor
|
Batting: RHB Frank LaBella
|
0-0: Foul Ball, location: 2F 0-1: Ball 1-1: Foul Ball, location: 2F 1-2: Ground out 4-3 (Groundball, 4, EV 103.8 MPH)
|
Batting: RHB Edwin Rodriguez
|
0-0: Ball 1-0: Foul Ball, location: 2F 1-1: Ball 2-1: Fly out, F8 (Flyball, 89D, EV 103.8 MPH)
|
Batting: SHB Esteban Mendez
|
0-0: Ground out 4-3 (Groundball, 34D, EV 102.5 MPH)
|
Bottom of the 2nd over - 0 runs, 0 hits, 0 errors, 0 left on base; Pawtucket 3 - Elmira 0 |
TOP OF THE 3RD |
Pawtucket Paw Sox batting - Pitching for Elmira Pioneers : RHP Rick Behenna
|
Batting: RHB Shooty Babitt
|
0-0: Ball 1-0: Foul Ball, location: 2F 1-1: SINGLE (Line Drive, 9LM, EV 104.4 MPH)
|
Batting: SHB Phil Ouellette
|
0-0: Called Strike 0-1: Foul Ball, location: 2F 0-2: Ball 1-2: Foul Ball, location: 2F 1-2: Ball 2-2: Foul Ball, location: 2F 2-2: Ball 3-2: Base on Balls Shooty Babitt to second
|
Batting: SHB Orestes Destrade
|
0-0: Ball 1-0: Ball 2-0: Foul Ball, location: 2F 2-1: SINGLE (Flyball, 5D, EV 91.3 MPH) Shooty Babitt to third Phil Ouellette to second
|
Batting: RHB Brick Smith
|
0-0: Ball 1-0: Called Strike 1-1: Foul Ball, location: 2F 1-2: Fly out, F9 (Flyball, 9, EV 94.4 MPH) Runner from 3rd tags up, SCORES, no throw by RF
|
Batting: RHB Dave Malpeso
|
0-0: Called Strike 0-1: Swinging Strike 0-2: Foul Ball, location: 2F 0-2: Strikes out looking
|
Batting: RHB Robert Duran
|
0-0: Swinging Strike 0-1: Ball 1-1: Foul Ball, location: 2F 1-2: Strikes out swinging
|
Top of the 3rd over - 1 run, 2 hits, 0 errors, 2 left on base; Pawtucket 4 - Elmira 0 |
BOTTOM OF THE 3RD |
Elmira Pioneers batting - Pitching for Pawtucket Paw Sox : RHP Billy Taylor
|
Batting: LHB Juan Flores
|
0-0: Called Strike 0-1: Ball 1-1: Ball 2-1: Foul Ball, location: 2F 2-2: Foul Ball, location: 2F 2-2: Ball 3-2: Base on Balls
|
Batting: LHB Thad Reece
|
0-0: Called Strike 0-1: Foul Ball, location: 2F 0-2: Ball 1-2: Strikes out swinging
|
Batting: RHB Larry Owen
|
0-0: Called Strike 0-1: Ball 1-1: Swinging Strike 1-2: Ball 2-2: Foul Ball, location: 2F 2-2: Foul Ball, location: 2F 2-2: Grounds into double play, 5-4-3 (Groundball, 56, EV 103.8 MPH)
|
Bottom of the 3rd over - 0 runs, 0 hits, 0 errors, 0 left on base; Pawtucket 4 - Elmira 0 |
TOP OF THE 4TH |
Pawtucket Paw Sox batting - Pitching for Elmira Pioneers : RHP Rick Behenna
|
Batting: RHB Gary Hargis
|
0-0: Ball 1-0: Ball 2-0: Called Strike 2-1: Reached on error, E6 (Groundball, 6, EV 81.9 MPH)
|
Batting: RHB Ted Cox
|
0-0: Called Strike 0-1: Ball 1-1: Foul Ball, location: 2F 1-2: Ball 2-2: Ball 3-2: Grounds into double play, 4-6-3 (Groundball, 4M, EV 81.3 MPH)
|
Batting: LHB Jeff Stone
|
0-0: Ball 1-0: Foul Ball, location: 2F 1-1: Called Strike 1-2: Foul Ball, location: 2F 1-2: Ball 2-2: Foul Ball, location: 2F 2-2: Strikes out swinging
|
Top of the 4th over - 0 runs, 0 hits, 1 error, 0 left on base; Pawtucket 4 - Elmira 0 |
BOTTOM OF THE 4TH |
Elmira Pioneers batting - Pitching for Pawtucket Paw Sox : RHP Billy Taylor
|
Batting: RHB Ken Dowell
|
0-0: Ball 1-0: Ball 2-0: Ball 3-0: Called Strike 3-1: Ground out 1-3 (Groundball, 15S, EV 65.0 MPH)
|
Batting: RHB Mark Wasinger
|
0-0: SINGLE (Line Drive, 89M, EV 86.9 MPH)
|
Batting: RHB Richard Givens
|
0-0: Ball 1-0: Called Strike 1-1: Ball 2-1: Called Strike 2-2: SINGLE (Flyball, 5D, EV 91.9 MPH) Mark Wasinger to second
|
Batting: RHB Frank LaBella
|
0-0: Ball Mark Wasinger is caught stealing 3rd base 2-5 1-0: Called Strike 1-1: Swinging Strike 1-2: Strikes out swinging
|
Bottom of the 4th over - 0 runs, 2 hits, 0 errors, 1 left on base; Pawtucket 4 - Elmira 0 |
TOP OF THE 5TH |
Pawtucket Paw Sox batting - Pitching for Elmira Pioneers : RHP Rick Behenna
|
Batting: RHB Shooty Babitt
|
0-0: Called Strike 0-1: Ball 1-1: Ball 2-1: Fly out, F8 (Line Drive, 8RM, EV 90.0 MPH)
|
Batting: SHB Phil Ouellette
|
0-0: Ball 1-0: Fly out, F4 (Popup, 34D, EV 67.5 MPH)
|
Batting: SHB Orestes Destrade
|
0-0: Called Strike 0-1: Swinging Strike 0-2: Ball 1-2: Foul Ball, location: 2F 1-2: Strikes out swinging
|
Top of the 5th over - 0 runs, 0 hits, 0 errors, 0 left on base; Pawtucket 4 - Elmira 0 |
BOTTOM OF THE 5TH |
Elmira Pioneers batting - Pitching for Pawtucket Paw Sox : RHP Billy Taylor
|
Batting: RHB Edwin Rodriguez
|
0-0: Foul Ball, location: 2F 0-1: Ball 1-1: Ball 2-1: Ball 3-1: Foul Ball, location: 2F 3-2: Foul Ball, location: 2F 3-2: Base on Balls
|
Batting: SHB Esteban Mendez
|
0-0: Called Strike 0-1: Bunt missed! 0-2: Fielders Choice at 2nd, 6-4 (Groundball, 6, EV 83.1 MPH)
|
Batting: LHB Juan Flores
|
0-0: Ball 1-0: Ball 2-0: Ball 3-0: Base on Balls Esteban Mendez to second
|
Batting: LHB Thad Reece
|
0-0: Ball 1-0: Swinging Strike 1-1: Foul Ball, location: 2F 1-2: Strikes out looking
|
Batting: RHB Larry Owen
|
0-0: DOUBLE (Flyball, 8LD, EV 90.0 MPH) Esteban Mendez scores Juan Flores to third Runner from 3rd tries for Home, SAFE, no throw by CF
|
Batting: RHB Ken Dowell
|
0-0: Fly out, F7 (Flyball, 78M, EV 98.1 MPH)
|
Bottom of the 5th over - 2 runs, 1 hit, 0 errors, 1 left on base; Pawtucket 4 - Elmira 2 |
TOP OF THE 6TH |
Pawtucket Paw Sox batting - Pitching for Elmira Pioneers : RHP Rick Behenna
|
Batting: RHB Brick Smith
|
0-0: Called Strike 0-1: Ball 1-1: Fly out, F8 (Flyball, 8LD, EV 90.6 MPH)
|
Batting: RHB Dave Malpeso
|
0-0: Ball 1-0: Called Strike 1-1: Ball 2-1: SINGLE (Groundball, 6D, EV 100.0 MPH)
|
Batting: RHB Robert Duran
|
0-0: Called Strike 0-1: Ball 1-1: Fielders Choice at 2nd, 5-4 (Groundball, 56, EV 85.6 MPH)
|
Batting: RHB Gary Hargis
|
0-0: Ball 1-0: Ball 2-0: Fielders Choice at 2nd, 5-4 (Groundball, 5, EV 84.4 MPH)
|
Top of the 6th over - 0 runs, 1 hit, 0 errors, 1 left on base; Pawtucket 4 - Elmira 2 |
BOTTOM OF THE 6TH |
Elmira Pioneers batting - Pitching for Pawtucket Paw Sox : RHP Billy Taylor
|
Batting: RHB Mark Wasinger
|
0-0: Ball 1-0: Called Strike 1-1: Ball 2-1: Ground out 4-3 (Groundball, 34D, EV 83.1 MPH)
|
Batting: RHB Richard Givens
|
0-0: Ball 1-0: Foul Ball, location: 2F 1-1: Foul Ball, location: 2F 1-2: DOUBLE (Flyball, 8LXD, EV 108.8 MPH)
|
Batting: RHB Frank LaBella
|
0-0: Ground out 4-3 (Groundball, 4, EV 102.5 MPH) Richard Givens to third
|
Pitching: RHP Sam Bryan
|
|
Batting: RHB Edwin Rodriguez
|
0-0: Foul Ball, location: 2F 0-1: Swinging Strike 0-2: Ball 1-2: Ball 2-2: Foul Ball, location: 2F 2-2: Ball 3-2: Base on Balls
|
Batting: SHB Esteban Mendez
|
0-0: Ball 1-0: Ball 2-0: Ball 3-0: Base on Balls Edwin Rodriguez to second
|
Batting: LHB Juan Flores
|
0-0: Foul Ball, location: 2F 0-1: Swinging Strike 0-2: Fielders Choice at 2nd, 6-4 (Groundball, 6, EV 86.9 MPH)
|
Bottom of the 6th over - 0 runs, 1 hit, 0 errors, 3 left on base; Pawtucket 4 - Elmira 2 |
TOP OF THE 7TH |
Pawtucket Paw Sox batting - Pitching for Elmira Pioneers : RHP Rick Behenna
|
Batting: RHB Ted Cox
|
0-0: Called Strike 0-1: Ball 1-1: Ball 2-1: Ball 3-1: Ground out 6-3 (Groundball, 6, EV 76.3 MPH)
|
Batting: LHB Jeff Stone
|
0-0: Called Strike 0-1: Foul Ball, location: 2F 0-2: Ball 1-2: Strikes out looking
|
Batting: RHB Shooty Babitt
|
0-0: Ball 1-0: Called Strike 1-1: Ball 2-1: SINGLE (Line Drive, 78S, EV 105.0 MPH)
|
Batting: SHB Phil Ouellette
|
0-0: Ball 1-0: Ball 2-0: Called Strike 2-1: Foul Ball, location: 2F 2-2: Ball Shooty Babitt steals 2nd base 3-2: 2-RUN HOME RUN (Flyball, 9D, EV 95.6 MPH), Distance : 363 ft
|
Pitching: RHP Jim Siwy
|
|
Batting: SHB Orestes Destrade
|
0-0: Ball 1-0: Ball 2-0: DOUBLE (Flyball, 8RXD, EV 110.0 MPH)
|
Batting: RHB Brick Smith
|
0-0: Called Strike 0-1: Foul Ball, location: 2F 0-2: Ball 1-2: Ball 2-2: SINGLE (Groundball, 5D, EV 105.0 MPH) Orestes Destrade to third Runner from 3rd tries for Home, SAFE, throw by LF to home
|
Batting: RHB Dave Malpeso
|
0-0: Foul Ball, location: 2F 0-1: 2-RUN HOME RUN (Flyball, 7D, EV 95.0 MPH), Distance : 360 ft
|
Batting: RHB Robert Duran
|
0-0: Foul Ball, location: 2F 0-1: Ball 1-1: Foul Ball, location: 2F 1-2: Foul Ball, location: 2F 1-2: Fly out, F8 (Line Drive, 8LM, EV 93.1 MPH)
|
Top of the 7th over - 5 runs, 5 hits, 0 errors, 0 left on base; Pawtucket 9 - Elmira 2 |
BOTTOM OF THE 7TH |
Elmira Pioneers batting - Pitching for Pawtucket Paw Sox : RHP Sam Bryan
|
Batting: LHB Thad Reece
|
0-0: Foul Ball, location: 2F 0-1: DOUBLE (Line Drive, 89D, EV 104.4 MPH)
|
Batting: RHB Larry Owen
|
0-0: Fly out, F8 (Flyball, 8RM, EV 83.8 MPH)
|
Batting: RHB Ken Dowell
|
0-0: Called Strike 0-1: Foul Ball, location: 2F 0-2: Ball 1-2: Ground out 4-3 (Groundball, 4S, EV 80.6 MPH) Thad Reece to third
|
Batting: RHB Mark Wasinger
|
0-0: Called Strike 0-1: Foul Ball, location: 2F 0-2: Ground out 6-3 (Groundball, 6, EV 83.1 MPH)
|
Bottom of the 7th over - 0 runs, 1 hit, 0 errors, 1 left on base; Pawtucket 9 - Elmira 2 |
TOP OF THE 8TH |
Pawtucket Paw Sox batting - Pitching for Elmira Pioneers : RHP Jim Siwy
|
Batting: RHB Gary Hargis
|
0-0: Fly out, F4 (Line Drive, 4, EV 69.4 MPH)
|
Batting: RHB Ted Cox
|
0-0: Ball 1-0: Foul Ball, location: 2F 1-1: SINGLE (Line Drive, 34, EV 105.6 MPH)
|
Pinch Hitting: LHB Doc Brummer
|
0-0: Called Strike 0-1: Ball 1-1: Foul Ball, location: 2F 1-2: Ball 2-2: Ball 3-2: Fielders Choice at 2nd, 4-6 (Groundball, 4, EV 84.4 MPH)
|
Batting: RHB Shooty Babitt
|
0-0: Ball 1-0: Foul Ball, location: 2F 1-1: SINGLE (Groundball, P, EV 84.4 MPH) (infield hit) Doc Brummer to second
|
Batting: SHB Phil Ouellette
|
0-0: Foul Ball, location: 2F 0-1: Foul Ball, location: 2F 0-2: Strikes out swinging
|
Top of the 8th over - 0 runs, 2 hits, 0 errors, 2 left on base; Pawtucket 9 - Elmira 2 |
BOTTOM OF THE 8TH |
Elmira Pioneers batting - Pitching for Pawtucket Paw Sox : RHP Sam Bryan
|
Now in CF: Doc Brummer
|
|
Batting: RHB Richard Givens
|
0-0: Foul Ball, location: 2F 0-1: Called Strike 0-2: Ball 1-2: Foul Ball, location: 2F 1-2: Strikes out swinging
|
Batting: RHB Frank LaBella
|
0-0: Foul Ball, location: 2F 0-1: Called Strike 0-2: Strikes out swinging
|
Batting: RHB Edwin Rodriguez
|
0-0: Ball 1-0: SINGLE (Groundball, 4MD, EV 101.3 MPH)
|
Batting: SHB Esteban Mendez
|
0-0: Called Strike 0-1: Ball 1-1: Swinging Strike 1-2: Ball 2-2: Ball 3-2: Base on Balls Edwin Rodriguez to second
|
Batting: LHB Juan Flores
|
0-0: Ground out 4-3 (Groundball, 4, EV 83.1 MPH)
|
Bottom of the 8th over - 0 runs, 1 hit, 0 errors, 2 left on base; Pawtucket 9 - Elmira 2 |
TOP OF THE 9TH |
Pawtucket Paw Sox batting - Pitching for Elmira Pioneers : RHP Jim Siwy
|
Batting: SHB Orestes Destrade
|
0-0: Swinging Strike 0-1: Called Strike 0-2: Fly out, F7 (Flyball, 7, EV 77.5 MPH)
|
Batting: RHB Brick Smith
|
0-0: Foul Ball, location: 2F 0-1: Ball 1-1: SOLO HOME RUN (Flyball, 7D, EV 90.0 MPH), Distance : 377 ft
|
Batting: RHB Dave Malpeso
|
0-0: Ball 1-0: Called Strike 1-1: Foul Ball, location: 2F 1-2: Ball 2-2: Ball 3-2: Ground out 6-3 (Groundball, 6M, EV 85.0 MPH)
|
Batting: RHB Robert Duran
|
0-0: Ball 1-0: Ball 2-0: Ball 3-0: Foul Ball, location: 2F 3-1: Foul Ball, location: 2F 3-2: SINGLE (Groundball, 34S, EV 67.5 MPH) (infield hit)
|
Batting: RHB Gary Hargis
|
0-0: Swinging Strike 0-1: Ball 1-1: SINGLE (Groundball, 34D, EV 103.8 MPH) Robert Duran to second
|
Batting: RHB Ted Cox
|
0-0: Foul Ball, location: 2F 0-1: Fielders Choice at 2nd, 6-4 (Groundball, 56, EV 90.0 MPH)
|
Top of the 9th over - 1 run, 3 hits, 0 errors, 2 left on base; Pawtucket 10 - Elmira 2 |
BOTTOM OF THE 9TH |
Elmira Pioneers batting - Pitching for Pawtucket Paw Sox : RHP Sam Bryan
|
Batting: LHB Thad Reece
|
0-0: Ball 1-0: Fly out, F4 (Popup, 4M, EV 76.9 MPH)
|
Batting: RHB Larry Owen
|
0-0: Ground out 4-3 (Groundball, 4MD, EV 89.4 MPH)
|
Batting: RHB Ken Dowell
|
0-0: Ball 1-0: Foul Ball, location: 2F 1-1: Ground out 5-3 (Groundball, 5, EV 89.4 MPH)
|
Bottom of the 9th over - 0 runs, 0 hits, 0 errors, 0 left on base; Pawtucket 10 - Elmira 2 |
|